 Dungeon Crawl Stone Soup version 0.31-a0-472-g43a2ca8e1b (webtiles) character file.

Game seed: 8536917622488853365

18 Ethylacetat the Changeling (level 2, -3/18 HPs)
             Began as an Octopode Shapeshifter on Aug 6, 2023.
             Slain by a goblin
             ... wielding a +0 club
              (5 damage)
             ... on level 1 of the Dungeon.
             The game lasted 00:00:43 (350 turns).

Ethylacetat the Changeling (Octopode Shapeshifter)   Turns: 350, Time: 00:00:43

Health: -3/18      AC:  1    Str: 14    XL:     2   Next: 70%
Magic:  2/2        EV: 13    Int: 10    God:
Gold:   25         SH:  0    Dex: 12    Spells: 1/1 levels left

rFire   . .          .
                       - Unarmed
rCold   . . .        (no shield)
rNeg    . . .        (helmet currently unavailable)
rPois   .            (no amulet)
rElec   .            (no ring)
rCorr   .            (no ring)
SInv    .            (no ring)
Will    .....        (no ring)
Stlth   ++           (no ring)
HPRegen 0.23/turn    (no ring)
MPRegen 0.08/turn    (no ring)
                     (no ring)

%: no passive effects
@: beast-form
A: beast (slay +2), almost no armour, amphibious, 8 rings, camouflage 1,
gelatinous body 1, (nimble swimmer 1), tentacles
a: Begin Untransformation


You were on level 1 of the Dungeon.
You were a hulking beast.
You visited 1 branch of the dungeon, and saw 1 of its levels.

You collected 25 gold pieces.

Inventory:

Talismans
 b - a beast talisman (active)
Scrolls
 d - 2 scrolls of identify {unknown}
Potions
 a - a potion of lignification
 c - a potion of berserk rage {unknown}


   Skills:
 + Level 1.5 Fighting
 - Level 2.0 Dodging
 + Level 3.2 Unarmed Combat
 * Level 3.3 Shapeshifting


You had one spell level left.
You didn't know any spells.
Your spell library was empty.

Dungeon Overview and Level Annotations

Branches:
Dungeon (1/15)

Altars:


Innate Abilities, Weirdness & Mutations

You are a hulking beast.
Your limbs bulge with bestial killing power. (Slay +2)
You cannot wear most types of armour.
You are amphibious.
You can wear up to eight rings at the same time.
Your skin changes colour to match your surroundings (Stealth+).
Your rubbery body absorbs attacks. (AC +1, EV +1)
((You are camouflaged when in or above water. (Stealth+)))
You have tentacles for arms and can constrict up to eight enemies at once.


Message History

The goblin closely misses you. The goblin misses you.
The kobold hits you with a +0 club. The jackal closely misses you. x2
There are monsters nearby!
You tentacle-slap the jackal.
The jackal is moderately wounded.
You constrict the jackal. The jackal closely misses you.
The goblin hits you with a +0 club. The jackal misses you.
The goblin misses you. The kobold closely misses you.
There are monsters nearby!
You tentacle-slap the jackal.
You kill the jackal!
The jackal bites you but does no damage.
The goblin closely misses you. x2; The kobold closely misses you.
The jackal bites you.
You are too injured to fight recklessly!
The hobgoblin attacks as you move away!
The hobgoblin hits you but does no damage.
The goblin attacks as you move away! The goblin hits you with a +0 club.
The goblin attacks as you move away! The goblin barely misses you.
The jackal attacks as you move away! The jackal closely misses you.
Found a scroll labelled WAFISH LULA.
The jackal bites you.
* * * LOW HITPOINT WARNING * * *
The goblin attacks as you move away! The goblin hits you with a +0 club.
* * * LOW HITPOINT WARNING * * *
The jackal bites you but does no damage.
The jackal attacks as you move away! The jackal closely misses you.
The goblin attacks as you move away! The goblin hits you with a +0 club.
* * * LOW HITPOINT WARNING * * *
The jackal barely misses you.
You miss the goblin. Your grab misses the goblin. You miss the kobold.
You grab the kobold. You squeeze the kobold.
You kill the kobold!
The goblin misses you. The jackal barely misses you.
You barely miss the jackal. Your grab misses the jackal.
Your squeeze misses the jackal. The jackal barely misses you.
The goblin closely misses you.
You bludgeon the jackal!
You kill the jackal!
The goblin hits you with a +0 club.
You die...

..## #####.
######......####.....
#.........#.........[
#........ #.........#
....... #..8....+##
...?. #......## # ...
#....### # ##.#
#....# ## #gh# #...##
#. ####
####g#######..+# #.
#...##.........#...#
#.
..................##
##
...............##.#
......†....###....#
..................+
......†.....#####.#
.##.##....#..# #.#


You could see a hobgoblin and a goblin.

Vanquished Creatures
  An endoplasm (D:1)
  2 hobgoblins (D:1)
  3 jackals (D:1)
  A quokka (D:1)
  3 ball pythons (D:1)
  3 frilled lizards (D:1)
  A goblin (D:1)
  3 kobolds (D:1)
  2 rats (D:1)
19 creatures vanquished.

Notes
Turn   | Place    | Note
-------+----------+-------------------------------------------
     0 | D:1      | Ethylacetat the Octopode Shapeshifter began the quest for
                  | the Orb.
     0 | D:1      | Reached XP level 1. HP: 13/13 MP: 1/1
    60 | D:1      | Found a faded altar of an unknown god.
   242 | D:1      | Reached XP level 2. HP: 16/18 MP: 2/2
   350 | D:1      | Slain by a goblin

Illustrated notes

Levels and vault maps discovered:
D:1:      nicolae_arrival_somewhat_less_tricky_arrival, layout_rooms,
          ebering_ecumenical_altar_ruins, minmay_misc_feat_doors,
          glass_columns_a, serial_bayou_pond_c, chequers_serial_rivers_large_a,
          serial_bayou_pond_d, minmay_pentomino_r4

Action                     || total
---------------------------++-------
  Melee: Unarmed           ||    31
         Constrict         ||     8
         Tentacles         ||     6
   Stab: Sleeping          ||     4
 Armour: Skin              ||     4
  Dodge: Dodged            ||    30

Table legend: (Time is in decaauts)
 A = Elapsed time spent in this place.
 B = Non-inter-level travel time spent in this place.
 C = Inter-level travel time spent in this place.
 D = Time resting spent in this place.
 E = Time spent auto-exploring this place.
 F = Levels seen in this place.
 G = Mean time per level.
                   A        B        C        D        E       F      G
               +--------+--------+--------+--------+--------+-----+--------+
         Total |    348 |    348 |      0 |      0 |    231 |   1 |  348.0 |
       Dungeon |    348 |    348 |      0 |      0 |    231 |   1 |  348.0 |
               +--------+--------+--------+--------+--------+-----+--------+

Top non-repeatable levels by time:
     D:1: 348 daAuts
